 Dungeon Crawl Stone Soup version 0.23.2-33-g5129a83184 (webtiles) character file.

Game seed: 2977913297992075485

58 FishyPogo the Vexing (level 4, -1/44 HPs)
             Began as an Ogre Arcane Marksman on Aug 10, 2019.
             Was an Initiate of Okawaru.
             Slain by an orc
             ... wielding a +0 mace
              (8 damage)
             ... on level 2 of the Dungeon.
             The game lasted 00:09:55 (2045 turns).

FishyPogo the Vexing (Ogre Arcane Marksman)         Turns: 2045, Time: 00:09:56

Health: -1/44      AC:  3    Str: 14    XL:     4   Next: 2%
Magic:  5/7        EV: 10    Int: 14    God:    Okawaru [......]
Gold:   183        SH:  0    Dex: 10    Spells: 1/7 levels left

rFire    . . .     SeeInvis .   a - +0 hand axe
rCold    . . .     Gourm    .   (no shield)
rNeg     . . .     Faith    .   i - +0 robe
rPois    .         Spirit   .   (helmet restricted)
rElec    .         Reflect  .   (no cloak)
rCorr    .         Harm     .   (gloves unavailable)
MR       .....                  (boots unavailable)
Stlth    +.........             (no amulet)
HPRegen  0.14/turn              (no ring)
MPRegen  0.10/turn              (no ring)

@: no status effects
A: large, unfitting armour, tough skin 1
a: Renounce Religion


You were on level 2 of the Dungeon.
You worshipped Okawaru.
Okawaru was noncommittal.
You were not hungry.

You visited 1 branch of the dungeon, and saw 3 of its levels.

You collected 183 gold pieces.

Inventory:

Hand Weapons
 a - a +0 hand axe (weapon)
 b - a +2 dagger of draining
 l - a +1 short sword of venom
Missiles
 c - 4 large rocks
 d - 2 throwing nets
 e - 4 stones (quivered)
Armour
 i - a +0 robe (worn)
Scrolls
 k - a scroll of noise {unknown}
 m - a scroll of magic mapping {unknown}
 o - a scroll of fog {unknown}
 p - a scroll of identify {unknown}
Potions
 g - a potion of heal wounds {unknown}
 h - 2 potions of haste {unknown}
 n - a potion of flight {unknown}
Comestibles
 f - 4 rations


   Skills:
 * Level 2.8 Fighting
 * Level 0.3 Axes
 + Level 2.3 Throwing
 + Level 2.1 Dodging
 * Level 2.3 Spellcasting
 + Level 3.0 Hexes


You had one spell level left.
You knew the following spells:

 Your Spells              Type           Power        Failure   Level  Hunger
a - Corona                Hex            ##.....      7%          1    #......
b - Slow                  Hex            ##......     10%         2    ###....
c - Inner Flame           Hex/Fire       #.......     36%         3    ###....

Your spell library contained the following spells:

 Spells                   Type           Power        Failure   Level  Hunger
 Portal Projectile        Hex/Tloc       #.....       36%         3    ###....
 Cause Fear               Hex            ##........   54%         4    #####..
 Leda's Liquefaction      Hex/Erth       #.........   77%         4    #####..


Dungeon Overview and Level Annotations

Branches:
Dungeon (3/15)

Altars:
Fedhas
Okawaru


Innate Abilities, Weirdness & Mutations

You are too large for most types of armour.
You have tough skin. (AC +1)


Message History

There is a stone staircase leading up, spattered with blood here.
Casting: Slow (safe; 10% risk of failure)
Confirm with . or Enter, or press ? or * to list all spells.
Aiming: Slow (safe; 10% risk of failure)
Press: ? - help, Shift-Dir - straight line, f - orc
Aim: an orc, wielding a +0 mace and wearing a +0 scale mail (chance to defeat MR: 63%)
The orc seems to slow down.
The orc hits you. The orc completely misses you.
The orc hits you with a +0 mace! The orc hits you.
You climb upwards.
There is a stone staircase leading down, spattered with blood here.
You closely miss the orc. You hit the orc but do no damage.
You closely miss the orc. The orc barely misses you. x2
The orc hits you but does no damage. The orc barely misses you.
You completely miss the orc. You hit the orc. You barely miss the orc.
The orc hits you. The orc hits you but does no damage.
The orc hits you with a +0 mace!
* * * LOW HITPOINT WARNING * * *
The orc hits you with a +0 mace!
You die...

###.#####.####.#.###.############
#.# #............# #.#
######...###.# #.##########...#
#.# ###............#.###.#
.....................#
.##.########.###.###.# ####
.##.########.###o# #.# #...
.#.........#...o@# #.# #...
.+.........#.###o# #.##### #>..
.#........^#.# #.# #.....#####...
.##.########.###.###........#####
....## #................# .....#
#####.######.....# .....# #.#
#.....# .....# ##### #(# #######
.....# #...# #.#


You could see 3 orcs.

Vanquished Creatures
  An adder (D:2)
  5 dart slugs
  2 leopard geckos
  2 orcs (D:2)
  A giant cockroach (D:1)
  2 goblins (D:1)
  4 hobgoblins
  3 kobolds
  6 bats
  A frilled lizard (D:2)
  12 rats
39 creatures vanquished.

Notes
Turn   | Place    | Note
-------+----------+-------------------------------------------
     0 | D:1      | FishyPogo the Ogre Arcane Marksman began the quest for the
                  | Orb.
     0 | D:1      | Reached XP level 1. HP: 19/19 MP: 2/2
   224 | D:1      | Reached XP level 2. HP: 23/28 MP: 2/4
   393 | D:1      | Found a blossoming altar of Fedhas.
   480 | D:1      | Learned a level 2 spell: Slow
   707 | D:1      | Reached XP level 3. HP: 26/35 MP: 3/6
   746 | D:1      | Learned a level 3 spell: Inner Flame
  1387 | D:2      | Reached skill level 3 in Hexes
  1679 | D:2      | Found an iron altar of Okawaru.
  1687 | D:2      | Became a worshipper of Warmaster Okawaru
  1888 | D:2      | Reached XP level 4. HP: 23/44 MP: 7/7
  2045 | D:2      | Slain by an orc

Skill      XL: |  1  2  3 |
---------------+----------+-----
Fighting       | 2 |  2.8
Spellcasting   | 2 |  2.3
Dodging        | 2 |  2.1
Hexes          | 3 |  3.0
Axes           | |  0.3
Throwing       | |  2.3

Action                   |  1- 3 |  4- 6 || total
-------------------------+-------+-------++-------
Melee: Unarmed           |    43 |       ||    43
       Dagger            |   104 |       ||   104
       Hand axe          |    48 |     2 ||    50
Throw: Large rock        |     1 |       ||     1
 Cast: Slow              |    11 |     1 ||    12
       Corona            |     9 |       ||     9
  Eat: Chunk             |     5 |       ||     5
Armor: Robe              |    42 |     2 ||    44
Dodge: Dodged            |    99 |     4 ||   103
